 Dungeon Crawl Stone Soup version 0.25-a0-435-g4b9beb1024 (webtiles) character file.

Game seed: 2280904898483558403, levelgen mode: deterministic

59 Archen the Chopper (level 3, -2/49 HPs)
             Began as a Minotaur Berserker on Jan 28, 2020.
             Was a Believer of Trog.
             Killed from afar by Natasha (3 damage)
             ... with a magic dart
             ... on level 2 of the Dungeon.
             The game lasted 00:02:34 (843 turns).

Archen the Chopper (Minotaur Berserker)              Turns: 843, Time: 00:02:34

Health: -2/49      AC:  5    Str: 27    XL:     3   Next: 78%
Magic:  2/2        EV: 12    Int:  4    God:    Trog [**....]
Gold:   39         SH:  0    Dex:  9    Spells: 2/2 levels left

rFire    + . .     SeeInvis .   a - +1 hand axe
rCold    + . .     Gourm    .   (no shield)
rNeg     . . .     Faith    .   b - +0 animal skin
rPois    .         Spirit   .   (helmet restricted)
rElec    .         Reflect  .   m - scarf {rC+ rF+}
rCorr    .         Harm     .   (no gloves)
MR       .....                  (no boots)
Stlth    ..........             (no amulet)
HPRegen  0.16/turn              g - +3 ring of protection
MPRegen  0.08/turn              (no ring)

@: berserking, very quick
A: retaliatory headbutt, horns 2
a: Berserk, Trog's Hand, Renounce Religion


You were on level 2 of the Dungeon.
You worshipped Trog.
Trog was pleased with you.
You were hungry.

You visited 1 branch of the dungeon, and saw 2 of its levels.

You collected 39 gold pieces.

Inventory:

Hand Weapons
 a - a +1 hand axe (weapon)
Armour
 b - a +0 animal skin (worn)
 m - a scarf of resistance (worn)
Jewellery
 g - a +3 ring of protection (left hand)
Scrolls
 d - a scroll of immolation {unknown}
 h - a scroll of fear {unknown}
 j - 2 scrolls of enchant weapon
 k - a scroll of identify {unknown}
 n - a scroll of enchant armour {unknown}
Potions
 e - a potion of curing {unknown}
 f - a potion of magic {unknown}
 i - a potion of brilliance {unknown}
Comestibles
 c - 2 rations
 l - 5 chunks of flesh


   Skills:
 + Level 4.1 Fighting
 * Level 4.6 Axes
 + Level 3.1 Armour
 + Level 2.8 Dodging


You had 2 spell levels left.
You didn't know any spells.
Your spell library was empty.

Dungeon Overview and Level Annotations

Branches:
Dungeon (2/15)

Altars:

Annotations:
D:2 Natasha


Innate Abilities, Weirdness & Mutations

You reflexively headbutt those who attack you in melee.
You have a pair of horns on your head.


Message History

The bat barely misses you. You furiously retaliate!
You headbutt the bat!!
You kill the bat!
Trog accepts your kill.
The goblin hits you but does no damage. x2; Natasha claws you.
* * * LOW HITPOINT WARNING * * *
The shadow imp gestures at you. Pain shoots through your body!
* * * LOW HITPOINT WARNING * * *
A goblin comes into view. It is wielding a +0 dagger.
You are too berserk!
You barely miss Natasha. Your headbutt misses Natasha.
You closely miss the shadow imp. You hit the iron imp. You slash the goblin!
You kill the goblin!
Trog accepts your kill.
You slash the goblin!
You kill the goblin!
Trog accepts your kill.
Natasha stares at you and mumbles some strange words.
The magic dart hits you.
You die...

.# #..g .# # #.g# # ..
.. .g.. #. .# ###. #.g#
.##.# .... #Sg. ...#
.#.#.#5.## #..#
.......5.)## ##..# #.
#.##@..## #...# #.
#..5h...#.. #..###
#.#####.......#
#..###.#...#...#...#..#
#..........#.###.....##
#.#.................##
#<#.##.....÷.....##..#
#.#.#######÷###### .#.
#.#.# #.# #


You could see an iron imp, Natasha, a crimson imp, an adder, a shadow imp, a
hobgoblin and 4 goblins.

Vanquished Creatures
  Natasha (D:2)
  2 dart slugs (D:1)
  A giant cockroach (D:1)
  5 goblins
  6 hobgoblins
  2 jackals (D:2)
  4 bats
  2 frilled lizards (D:1)
  4 kobolds (D:1)
  3 rats (D:1)
30 creatures vanquished.

Notes
Turn   | Place    | Note
-------+----------+-------------------------------------------
     0 | D:1      | Archen the Minotaur Berserker began the quest for the Orb.
     0 | D:1      | Reached XP level 1. HP: 19/19 MP: 0/0
   142 | D:1      | Reached XP level 2. HP: 19/27 MP: 1/1
   796 | D:2      | Noticed Natasha
   798 | D:2      | Noticed a crimson imp
   802 | D:2      | Killed Natasha
   802 | D:2      | Reached XP level 3. HP: 24/33 MP: 2/2
   834 | D:2      | Noticed Natasha
   841 | D:2      | Reached ** piety under Trog
   842 | D:2      | HP: 1/49 [shadow imp/nerve-wracking pain[Natasha] (6)]
   843 | D:2      | Killed from afar by Natasha

Levels and vault maps discovered:
D:1:      minmay_arrival_solitary_statue, layout_loops_ring
D:2:      layout_loops_ring, uniq_natasha, uniq_robin, uniq_terence

Skill      XL: |  1  2 |
---------------+-------+-----
Axes           | 4 |  4.6
Fighting       | 4 |  4.1
Armour         | 3 |  3.1
Dodging        | |  2.8

Action                   || total
-------------------------++-------
Melee: Hand axe          ||    58
       Headbutt          ||     9
Invok: Berserk           ||     1
  Use: Scroll            ||     1
Armor: Animal skin       ||    10
Dodge: Dodged            ||    38

Table legend:
 A = Non-vault XP
 B = Vault XP
 C = Vault XP percentage of total XP
 D = Non-vault monster count
 E = Vault monster count
 F = Vault count percentage of total count
                 A         B        C        D         E       F
            +---------+---------+-------+---------+---------+-------
      Total |      42 |      43 |  50.6 |      25 |       5 |  16.7
            +---------+---------+-------+---------+---------+-------
        D:1 |      35 |       0 |   0.0 |      21 |       0 |   0.0
        D:2 |       7 |      43 |  86.0 |       4 |       5 |  55.6
            +---------+---------+-------+---------+---------+-------
